 Dungeon Crawl Stone Soup version 0.32-a0-928-g1cae6b7ea0 (webtiles) character file.

Game seed: 15858678126789355256

12 PriceMaster the Digger (level 2, -1/13 HPs)
             Began as a Spriggan Earth Elementalist on Apr 12, 2024.
             Slain by a ball python (2 damage)
             ... on level 1 of the Dungeon.
             The game lasted 00:00:23 (315 turns).

PriceMaster the Digger (Spriggan Earth Elementalist) Turns: 315, Time: 00:00:24

Health: -1/13      AC:  2    Str:  4    XL:     2   Next: 20%
Magic:  3/6        EV:  6    Int: 16    God:
Gold:   40         SH:  0    Dex: 15    Spells: 5/6 levels left

rFire   . . .        b - +0 dagger
rCold   . . .        (no shield)
rNeg    . . .        a - +0 robe
rPois   .            (helmet restricted)
rElec   .            (no cloak)
rCorr   .            (gloves unavailable)
SInv    +            (boots unavailable)
Will    .....        (no amulet)
Stlth   ++           (no ring)
HPRegen 0.22/turn    (no ring)
MPRegen 0.10/turn

%: no passive effects
@: constricted, very quick
A: very small, no large weapons, unfitting armour, see invisible, speed 3
a: no special abilities


You were on level 1 of the Dungeon.
You visited 1 branch of the dungeon, and saw 1 of its levels.

You collected 40 gold pieces.

Inventory:

Hand Weapons
 b - a +0 dagger (weapon)
Armour
 a - a +0 robe (worn)
Scrolls
 c - a scroll of identify {unknown}


   Skills:
 + Level 2.8 Dodging
 + Level 3.0 Stealth
 + Level 2.8 Spellcasting
 + Level 0.6 Conjurations
 + Level 3.2 Earth Magic


You had 5 spell levels left.
You knew the following spells:

 Your Spells              Type           Power      Damage    Failure   Level
a - Sandblast             Erth           24%        2d8       4%          1

Your spell library contained the following spells:

 Spells                   Type           Power      Damage    Failure   Level
 Passwall                 Erth           12%        N/A       16%         3
 Stone Arrow              Conj/Erth      16%        3d8       26%         3
 Brom's Barrelling Bould  Conj/Erth      8%         2d3       65%         4
 Petrify                  Alch/Erth      7%         N/A       69%         4


Dungeon Overview and Level Annotations

Branches:
Dungeon (1/15)

Altars:


Innate Abilities, Weirdness & Mutations

You are very small and have problems with some larger weapons.
You are too small for most types of armour.
You have supernaturally acute eyesight. (SInv)
You cover ground extremely quickly. (Speed+++)


Message History

b - a +0 dagger
b - a +0 dagger (weapon)
HP restored.
You now have 40 gold pieces (gained 9).
Found a stone staircase leading down.
You open the door.
Found 5 stones.
A goblin comes into view. It is wielding a +0 club.
The goblin shouts!
No target in view!
No target in view!
A goblin is nearby!
The blast of sand hits the goblin.
You kill the goblin!
You can't see any susceptible monsters within range! (Use Z to cast anyway.) No target in view!
No target in view!
You open the door.
An endoplasm and a ball python come into view.
Found 2 javelins.
There are monsters nearby!
A kobold comes into view. It is wielding a +0 club.
There is an open door here.
The blast of sand hits the kobold.
The kobold is moderately wounded.
The kobold shouts!
The ball python hisses angrily.
The blast of sand misses the kobold.
The kobold hits you with a +0 club. The ball python barely misses you.
The ball python grabs you. The ball python constricts you.
The kobold hits you with a +0 club.
The blast of sand misses the ball python.
The ball python barely misses you. The ball python constricts you.
The kobold hits you with a +0 club. The ball python barely misses you.
The ball python constricts you.
You are too injured to fight recklessly!
The ball python's grasp on you weakens, but your attempt to escape fails.
The endoplasm hits you but does no damage.
The kobold hits you with a +0 club.
* * * LOW HITPOINT WARNING * * *
The ball python bites you.
You die...

.# #######.#####
#...........#
#.......(...#
#...........#
...#...........#
.(.#....^J.....#
...#....K@S....#
#.########'######
#.##............#
#.##............#
########'##............#
..........#>...........#
................#.######
...........#....#.#
...........#......#


You could see an endoplasm, a ball python and a kobold.

Vanquished Creatures
  3 goblins (D:1)
  2 hobgoblins (D:1)
  A quokka (D:1)
  A ball python (D:1)
  A bat (D:1)
  A frilled lizard (D:1)
  2 kobolds (D:1)
  A rat (D:1)
12 creatures vanquished.

Notes
Turn   | Place    | Note
-------+----------+-------------------------------------------
     0 | D:1      | PriceMaster the Spriggan Earth Elementalist began the quest
                  | for the Orb.
     0 | D:1      | Reached XP level 1. HP: 9/9 MP: 5/5
   219 | D:1      | Reached XP level 2. HP: 13/13 MP: 0/6
   315 | D:1      | Slain by a ball python

Illustrated notes

Levels and vault maps discovered:
D:1:      orjb1_lava_funnel, layout_basic, grunt_decor_resistance,
          serial_park_tiny_pond, chequers_avenue

Skill      XL: |  1 |
---------------+----+-----
Earth Magic    | 3 |  3.2
Dodging        | |  2.8
Stealth        | |  3.0
Spellcasting   | |  2.8
Conjurations   | |  0.6

Action                     || total
---------------------------++-------
   Cast: Sandblast         ||    22
    Use: Potion            ||     1
 Armour: Robe              ||    15
  Dodge: Dodged            ||    12

Table legend: (Time is in decaauts)
 A = Elapsed time spent in this place.
 B = Non-inter-level travel time spent in this place.
 C = Inter-level travel time spent in this place.
 D = Time resting spent in this place.
 E = Time spent auto-exploring this place.
 F = Levels seen in this place.
 G = Mean time per level.
                   A        B        C        D        E       F      G
               +--------+--------+--------+--------+--------+-----+--------+
         Total |    264 |    264 |      0 |      0 |    207 |   1 |  264.0 |
       Dungeon |    264 |    264 |      0 |      0 |    207 |   1 |  264.0 |
               +--------+--------+--------+--------+--------+-----+--------+

Top non-repeatable levels by time:
     D:1: 264 daAuts
